 Dungeon Crawl Stone Soup version 0.19.0 (webtiles) character file.

12303 AlphabetPasta the Cleaver (level 11, -21/100 HPs)
             Began as a Deep Dwarf Gladiator on Nov 12, 2016.
             Was an Elder of Makhleb.
             Demolished by a very large slime creature (52 damage)
             ... on level 12 of the Dungeon.
             The game lasted 01:07:15 (10481 turns).

AlphabetPasta the Cleaver (Deep Dwarf Gladiator)   Turns: 10481, Time: 01:07:18

Health: -21/100    AC: 24    Str: 21    XL:     11   Next: 60%
Magic:  15/15      EV: 10    Int:  9    God:    Makhleb [****..]
Gold:   592        SH:  0    Dex: 14    Spells: 0 memorised, 10 levels left

rFire  . . .     SeeInvis .     a - +1 battleaxe
rCold  . . .     Gourm    .     P - +0 plate armour
rNeg   . . .     Faith    .     (shield currently unavailable)
rPois  .         Spirit   .     A - +1 helmet
rElec  .         Reflect  .     (no cloak)
rCorr  .         Harm     .     h - +0 pair of gloves
MR     +....                    F - +1 pair of boots
Stlth  ..........               (no amulet)
                                (no ring)
                                k - +5 ring of protection

@: non-regenerating, drained
A: damage resistance, recharge devices, sense surroundings 2, slow regeneration
3
a: Device Recharging, Minor Destruction, Lesser Servant of Makhleb, Major
Destruction, Renounce Religion


You were on level 12 of the Dungeon.
You worshipped Makhleb.
Makhleb was greatly pleased with you.
You were not hungry.

You visited 2 branches of the dungeon, and saw 13 of its levels.
You also visited: Sewer.

You collected 592 gold pieces.

Inventory:

Hand Weapons
 a - a +1 battleaxe (weapon)
 b - a +0 blowgun
 c - a +0 hand axe of flaming
 E - a +1 war axe
Missiles
 d - a throwing net
 j - 11 tomahawks (quivered)
 o - 106 bolts
 q - 27 poisoned needles
 N - 2 javelins
 R - 3 silver tomahawks
Armour
 h - a +0 pair of gloves (worn)
 A - a +1 helmet (worn)
 C - the +1 ring mail of a bailey {+Blink rElec}
   (You found it on level 5 of the Dungeon)

   It insulates you from electricity.
   It lets you blink.
 F - a +1 pair of boots (worn)
 P - a +0 plate armour (worn)
Jewellery
 k - a +5 ring of protection (left hand)
 l - an uncursed amulet of harm {unknown}
 p - an uncursed ring of ice
 O - an uncursed amulet of magic regeneration {unknown}
 Q - an uncursed amulet of rage {unknown}
Wands
 e - a wand of heal wounds (0/9)
 z - a wand of iceblast (11/15)
 S - a wand of polymorph (14/24)
Scrolls
 m - 2 scrolls of magic mapping
 s - a scroll of fear
 y - 3 scrolls of enchant weapon
 D - 4 scrolls of remove curse
 G - a scroll of fog
 I - 7 scrolls of teleportation
 J - 4 scrolls of enchant armour
Potions
 g - 2 potions of flight
 n - a potion of cancellation
 r - a potion of might {unknown}
 w - a potion of ambrosia {unknown}
 x - 2 potions of invisibility {unknown}
 B - 2 potions of lignification {unknown}
 H - a potion of magic {unknown}
 L - 3 potions of berserk rage {unknown}
 M - 2 potions of agility {unknown}
Comestibles
 f - 11 bread rations
 i - 2 chunks of flesh
 t - 3 beef jerkies
 u - 22 fruits
 v - 3 meat rations


   Skills:
 + Level 7.1(7.0) Fighting
 * Level 12.2(12.1) Axes
 - Level 1.7(1.6) Throwing
 + Level 8.5(8.4) Armour
 + Level 8.7(8.5) Dodging
 + Level 9.8(9.6) Evocations


You had 10 spell levels left.
You didn't know any spells.

Dungeon Overview and Level Annotations

Branches:
Dungeon (12/15)            Temple (1/1) D:5            Lair (0/6) D:8
    Orc (0/2) D:11

Altars:
Ashenzari
Cheibriados
Dithmenos
Elyvilon
Fedhas
Gozag
Hepliaklqana
Kikubaaqudgha
Makhleb
Nemelex Xobeh
Okawaru
Qazlal
Ru
Sif Muna
Trog
Uskayaw
Vehumet
Xom
Yredelemnul
Zin
The Shining One

Shops:
D:4 [   D:7 [   D:10 }


Innate Abilities, Weirdness & Mutations

You are resistant to damage.
You can recharge devices by infusing magical energy.
You passively map the area around you.
You do not regenerate.


Message History

You hit the large slime creature but do no damage.
You hit the slime creature.
Your plate armour prevents you from hitting the slime creature.
The slime creature barely misses you.
Two slime creatures merge to form a very large slime creature.
The slime creature barely misses you. The slime creature hits you.
Unknown command.
You hit the slime creature.
The slime creature is moderately wounded.
You slash the slime creature!
You slash the very large slime creature!
The slime creature hits you but does no damage.
The slime creature completely misses you.
You slice the slime creature!!
The slime creature is almost dead.
You hit the slime creature. You hit the very large slime creature.
You hear an angry hiss.
The very large slime creature hits you!!!
Ouch! That really hurt!
You die...

**,,,*,,,,,+,,,,,,*,,,,,,,,#..#*
,,,,,*,,,,,#......#,,,,,,,,#..#
,,,,,*,,,,,#......#,,,,,,,,#..#
*,,,,****###......#,,,,,,,,#.<#
*,,,,,,,,.........#,,,,,,,,#..##
***,,,,,,.........#,,,,,,,,#...#
***,,,,,,.........#,,,,,,,,#...#
,****,,,,......JJJ#+########...#
,****,,,,.......@..............#
,,,**,,,,.............>........#
,,,**,,,,......................#*
*,,,,,,**#########...............
*,,,,,,* #...............
,,,**,,* #...............
,,,**,,* #########.......
,****,,***** #.......
,****,,,,,,* *,,,,,,,


You could see a very large slime creature and 2 slime creatures.

Vanquished Creatures
  Josephine (D:10)
  Fannar (D:10)
  An unseen horror (D:7)
  Pikel (D:4)
  3 trolls
  2 two-headed ogres (D:10)
  Grinder (D:4)
  2 hippogriffs
  4 slime creatures
  A spriggan (D:11)
  3 wraiths (D:10)
  A vampire (D:11)
  Sigmund (D:4)
  A yak (D:8)
  3 hungry ghosts
  A steam dragon (D:8)
  A soldier ant (shapeshifter) (D:10)
  Menkaure (D:6)
  A mottled dragon (D:11)
  Purgy (Sewer)
  3 slaves
  6 orc warriors
  A necrophage (D:10)
  3 ice beasts
  A sky beast (D:8)
  A black bear (D:7)
  An eye of draining (D:10)
  3 phantoms
  5 ogres
  2 centaurs
  A crocodile (D:8)
  Blork the orc (D:4)
  5 bullfrogs
  3 scorpions
  9 killer bees (D:11)
  3 howler monkeys
  14 wights
  A centaur zombie (D:9)
  5 crimson imps
  A bullfrog zombie (D:5)
  3 hounds
  9 orc priests
  2 jellies
  16 orc wizards
  A bullfrog skeleton (D:6)
  3 iguanas
  9 worker ants
  A hound zombie (D:5)
  11 adders
  3 gnolls
  2 howler monkey skeletons
  4 river rats
  3 shadow imps
  An adder zombie (D:7)
  An adder skeleton (D:6)
  3 worms
  A dart slug (D:1)
  3 leopard geckos
  57 orcs
  6 giant cockroaches
  5 goblins
  5 hobgoblins
  8 jackals
  5 quokkas
  5 ball pythons
  10 bats
  5 frilled lizards
  7 kobolds
  A leopard gecko zombie (D:8)
  16 rats
  2 fungi (D:8)
  3 plants (D:8)
311 creatures vanquished.

Notes
Turn   | Place    | Note
-------+----------+-------------------------------------------
     0 | D:1      | AlphabetPasta the Deep Dwarf Gladiator began the quest for the Orb.
     0 | D:1      | Reached XP level 1. HP: 19/19 MP: 1/1
    85 | D:1      | Reached XP level 2. HP: 19/26 MP: 2/2
   550 | D:2      | Reached skill level 1 in Armour
   831 | D:2      | Reached XP level 3. HP: 14/32 MP: 3/3
  1112 | D:3      | Reached skill level 4 in Axes
  1112 | D:3      | Reached skill level 1 in Evocations
  1113 | D:3      | Reached XP level 4. HP: 38/40 MP: 4/4
  1141 | D:3      | Reached XP level 5. HP: 29/46 MP: 6/6
  1589 | D:3      | Reached skill level 5 in Axes
  2400 | D:4      | Reached XP level 6. HP: 24/55 MP: 7/7
  2454 | D:4      | Noticed a slave
  2454 | D:4      | Noticed a slave
  2455 | D:4      | Noticed Pikel
  2506 | D:3      | Killed a slave
  2559 | D:3      | Killed a slave
  2606 | D:4      | Noticed a slave
  2652 | D:4      | Killed a slave
  2691 | D:4      | Noticed Grinder
  2691 | D:4      | Paralysed by Grinder for 7 turns
  2692 | D:4      | Noticed Blork the orc
  2729 | D:4      | Killed Blork the orc
  2772 | D:4      | Killed Grinder
  2772 | D:4      | Reached XP level 7. HP: 45/62 MP: 7/9
  2830 | D:4      | Noticed Sigmund
  2839 | D:4      | Killed Sigmund
  2839 | D:4      | Reached skill level 6 in Axes
  2839 | D:4      | Reached skill level 5 in Dodging
  2864 | D:4      | Killed Pikel
  2864 | D:4      | Reached skill level 7 in Axes
  2864 | D:4      | Reached XP level 8. HP: 47/72 MP: 9/11
  2965 | D:4      | Found Byossas's Armour Shoppe.
  3213 | D:5      | Entered Level 5 of the Dungeon
  3238 | D:5      | Got a faintly humming ring mail
  3468 | D:5      | Identified the +1 ring mail of a bailey {+Blink rElec} (You found it on level 5 of the Dungeon)
  3869 | D:5      | Reached skill level 5 in Evocations
  4088 | D:5      | Reached skill level 8 in Axes
  4103 | D:5      | Found a staircase to the Ecumenical Temple.
  4116 | Temple   | Entered the Ecumenical Temple
  4452 | D:6      | Found a glowing drain.
  4487 | Sewer    | Entered a sewer
  4579 | Sewer    | Noticed Purgy
  4591 | Sewer    | Killed Purgy
  4675 | D:6      | Reached skill level 5 in Armour
  4675 | D:6      | Gained mutation: You passively map the area around you. [Deep Dwarf growth]
  4675 | D:6      | Reached XP level 9. HP: 36/79 MP: 13/13
  4840 | D:6      | Found a sacrificial altar of Ru.
  4998 | D:6      | Found a glowing silver altar of Zin.
  5028 | D:6      | Noticed Menkaure
  5034 | D:6      | Killed Menkaure
  5034 | D:6      | Reached skill level 9 in Axes
  5510 | D:7      | Found a shattered altar of Ashenzari.
  5536 | D:7      | Reached skill level 5 in Fighting
  5560 | D:7      | Killed an unseen horror
  6023 | D:7      | Found a burning altar of Makhleb.
  6023 | D:7      | Found a hazy altar of Hepliaklqana.
  6023 | D:7      | Found a snail-covered altar of Cheibriados.
  6030 | D:7      | Became a worshipper of Makhleb the Destroyer
  6076 | D:7      | Found Riasatt's Armour Emporium.
  6155 | D:7      | Found a shadowy altar of Dithmenos.
  6155 | D:7      | Found a faded altar of an unknown god.
  6168 | D:7      | Found a faded altar of an unknown god.
  6170 | D:7      | Found a faded altar of an unknown god.
  6172 | D:7      | Found a faded altar of an unknown god.
  6241 | D:7      | Reached skill level 10 in Axes
  6255 | D:7      | Reached XP level 10. HP: 46/88 MP: 14/14
  6320 | D:8      | Reached * piety under Makhleb
  6411 | D:8      | Found a staircase to the Lair.
  6477 | D:8      | Found a shattered altar of Ashenzari.
  6531 | D:8      | Found a deep blue altar of Sif Muna.
  8027 | D:10     | Entered Level 10 of the Dungeon
  8235 | D:10     | Noticed Fannar
  8280 | D:10     | Killed Fannar
  8280 | D:10     | Reached skill level 11 in Axes
  8387 | D:10     | Reached ** piety under Makhleb
  8773 | D:10     | Noticed Josephine
  8815 | D:10     | Killed Josephine
  8815 | D:10     | Reached XP level 11. HP: 25/99 MP: 15/15
  9004 | D:10     | Found Lusojyam's Gadget Emporium.
  9500 | D:11     | Reached *** piety under Makhleb
  9604 | D:11     | Found a staircase to the Orcish Mines.
  9766 | D:11     | Reached skill level 12 in Axes
 10037 | D:11     | HP: 3/99 [slime creature (10)]
 10093 | D:11     | HP: 1/99 [troll (6)]
 10416 | D:11     | Reached **** piety under Makhleb
 10481 | D:12     | Demolished by a very large slime creature

Skill      XL: |  1  2  3  4  5  6  7  8  9 10 11 |
---------------+----------------------------------+-----
Fighting       | 2 3 4 5 6 7 |  7.1
Armour         | 1 2 3 4 5 6 7 8 |  8.5
Axes           | 4 5 7 8 10 11 12 | 12.2
Evocations     | 1 2 3 4 5 7 9 |  9.8
Dodging        | 4 5 6 7 8 |  8.7
Throwing       | |  1.7

Action                   |  1- 3 |  4- 6 |  7- 9 | 10-12 || total
-------------------------+-------+-------+-------+-------++-------
Melee: War axe           |    98 |   144 |   373 |   102 ||   717
       Battleaxe         |       |       |       |   507 ||   507
 Fire: Blowgun           |       |    22 |    32 |    73 ||   127
Throw: Tomahawk          |       |       |     9 |    52 ||    61
       Javelin           |       |       |       |     7 ||     7
       Throwing net      |       |       |       |     2 ||     2
 Abil: Device Recharging |       |       |     1 |     2 ||     3
Evoke: Wand              |     1 |     2 |     5 |    11 ||    19
  Use: Scroll            |     5 |     2 |    13 |     7 ||    27
       Potion            |       |       |     3 |     9 ||    12
 Stab: Sleeping          |     3 |       |       |       ||     3
  Eat: Chunk             |     1 |     4 |    10 |    12 ||    27
       Beef jerky        |       |     1 |     1 |       ||     2
       Meat ration       |       |       |       |     2 ||     2
       Royal jelly       |       |       |       |     1 ||     1
Armor: Leather armour    |    23 |    10 |       |       ||    33
       Chain mail        |       |    49 |   264 |   112 ||   425
       Plate armour      |       |       |       |   381 ||   381
Dodge: Dodged            |    83 |    83 |   200 |   376 ||   742
